 Dungeon Crawl Stone Soup version 0.24.0-123-gd5b16e6ec5 (webtiles) character file.

Game seed: 1844865036579921570, levelgen mode: deterministic

146 Mrkan the Chopper (level 5, 0/47 HPs)
             Began as a Hill Orc Fighter on Dec 17, 2019.
             Was a Follower of Fedhas.
             Killed from afar by an orc wizard (5 damage)
             ... with a magic dart
             ... on level 3 of the Dungeon.
             The game lasted 00:02:20 (1141 turns).

Mrkan the Chopper (Hill Orc Fighter)                Turns: 1141, Time: 00:02:21

Health: 0/47       AC:  7    Str: 19    XL:     5   Next: 28%
Magic:  5/5        EV:  7    Int:  8    God:    Fedhas [*.....]
Gold:   184        SH:  9    Dex: 11    Spells: 4/4 levels left

rFire    . . .     SeeInvis .   a - +0 war axe
rCold    . . .     Gourm    .   c - +0 shield
rNeg     . . .     Faith    .   b - +0 scale mail
rPois    .         Spirit   .   (no helmet)
rElec    .         Reflect  .   (no cloak)
rCorr    .         Harm     .   (no gloves)
MR       .....                  (no boots)
Stlth    ..........             (no amulet)
HPRegen  0.15/turn              (no ring)
MPRegen  0.09/turn              (no ring)

@: slowed, very slow
A: no striking features
a: Renounce Religion


You were on level 3 of the Dungeon.
You worshipped Fedhas.
Fedhas was aware of your devotion.
You were not hungry.

You visited 1 branch of the dungeon, and saw 3 of its levels.

You collected 184 gold pieces.

Inventory:

Hand Weapons
 a - a +0 war axe (weapon)
Missiles
 k - 6 silver javelins (quivered)
Armour
 b - a +0 scale mail (worn)
 c - a +0 shield (worn)
Jewellery
 i - a cursed ring of teleportation {unknown}
Scrolls
 g - 2 scrolls of remove curse {unknown}
 h - 6 scrolls of identify {unknown}
 j - a scroll of immolation {unknown}
 t - 2 scrolls of amnesia {unknown}
 v - a scroll of enchant armour {unknown}
 w - a scroll of enchant weapon {unknown}
Potions
 d - a potion of might
 e - a potion of magic {unknown}
 l - a potion of haste {unknown}
 m - a potion of agility {unknown}
 n - 3 potions of curing {unknown}
 p - a potion of lignification {unknown}
 q - a potion of heal wounds {unknown}
 r - a potion of invisibility {unknown}
 s - a potion of mutation {unknown}
 u - 2 potions of ambrosia {unknown}
Comestibles
 f - 2 rations
 o - 2 chunks of flesh


   Skills:
 + Level 4.5 Fighting
 * Level 4.9 Axes
 + Level 4.1 Armour
 + Level 4.0 Shields


You had 4 spell levels left.
You didn't know any spells.
Your spell library was empty.

Dungeon Overview and Level Annotations

Branches:
Dungeon (3/15)

Altars:
Elyvilon
Fedhas
Qazlal


Message History

You hit the orc wizard but do no damage.
The orc wizard is heavily wounded.
The orc wizard hits you but does no damage.
The orc wizard hits you with a +0 dagger.
* * * LOW HITPOINT WARNING * * *
The orc wizard points at you and mumbles some strange words.
You resist with some effort.
You hit the orc wizard.
The orc wizard is almost dead.
The orc wizard barely misses you. x2
The orc wizard hits you but does no damage.
Your shield and scale mail prevent you from hitting the orc wizard.
The orc wizard is almost dead.
The orc wizard points at you and mumbles some strange words.
The magic dart hits you but does no damage.
You block the orc wizard's attack.
The orc wizard points at you and mumbles some strange words.
The magic dart hits you.
You die...
Fedhas appreciates your contribution to the ecosystem.

#. . #. #. #.
#.# #.
#..##.###
#...... #..)#
#...# ###@##
##o)####
##.).)?.#..
##...........
#............
#............
#............
#............
#<...........


You could see an orc wizard.

Vanquished Creatures
  An orc priest (D:3)
  An orc wizard (D:3)
  5 adders
  2 dart slugs
  2 leopard geckos
  6 orcs (D:3)
  3 giant cockroaches
  2 goblins
  2 hobgoblins (D:2)
  4 jackals (D:2)
  A ball python (D:2)
  2 bats (D:2)
  4 kobolds (D:2)
  3 rats
38 creatures vanquished.

Notes
Turn   | Place    | Note
-------+----------+-------------------------------------------
     0 | D:1      | Mrkan the Hill Orc Fighter began the quest for the Orb.
     0 | D:1      | Reached XP level 1. HP: 19/19 MP: 1/1
   265 | D:1      | Reached XP level 2. HP: 23/27 MP: 2/2
   489 | D:2      | Found a blossoming altar of Fedhas.
   499 | D:2      | Reached XP level 3. HP: 6/33 MP: 3/3
   532 | D:2      | Became a worshipper of Fedhas Madash
   901 | D:2      | Reached XP level 4. HP: 40/40 MP: 4/4
   920 | D:2      | Found a white marble altar of Elyvilon.
   921 | D:2      | Found a stormy altar of Qazlal.
  1132 | D:3      | Reached * piety under Fedhas
  1132 | D:3      | Reached XP level 5. HP: 10/47 MP: 5/5
  1141 | D:3      | Killed from afar by an orc wizard

Levels and vault maps discovered:
D:1:      dpeg_arrival_tiny_g, layout_rooms
D:2:      layout_basic, overflow_temple_1_default,
          gammafunk_temple_overflow_statue, minmay_pentomino_v4
D:3:      layout_rooms, nicolae_ru_the_path_less_chosen,
          overflow_temple_1_default

Skill      XL: |  1  2  3  4 |
---------------+-------------+-----
Axes           | 3 4 |  4.9
Fighting       | 4 |  4.5
Armour         | 4 |  4.1
Shields        | 4 |  4.0

Action                   |  1- 3 |  4- 6 || total
-------------------------+-------+-------++-------
Melee: War axe           |    65 |    49 ||   114
  Eat: Chunk             |       |     1 ||     1
Armor: Scale mail        |    44 |    36 ||    80
Dodge: Dodged            |    17 |    20 ||    37
Block: Shield            |    31 |    36 ||    67
